 Dungeon Crawl Stone Soup version 0.19-a0-459-gb8ed64d (webtiles) character file.

187 vev the Conjurer (level 5, -1/22 HPs)
             Began as a Felid Conjurer on June 2, 2016.
             Slain by Xiguana's ghost (10 damage)
             ... on level 3 of the Dungeon.
             The game lasted 00:18:36 (8068 turns).

vev the Conjurer (Felid Conjurer)                   Turns: 8068, Time: 00:18:36

Health: -1/22      AC:  2    Str:  4    XL:     5   Next: 39%
Magic:  0/11       EV: 20    Int: 19    God:
Gold:   365        SH:  0    Dex: 16    Spells: 2 memorised, 5 levels left
                                        Lives:  0   Deaths: 2

rFire  . . .     SeeInvis +     (weapon unavailable)
rCold  . . .     Gourm    .     (armour unavailable)
rNeg   . . .     Faith    .     (shield unavailable)
rPois  .         Spirit   .     (helmet unavailable)
rElec  .         Dismiss  .     (cloak unavailable)
rCorr  .         Reflect  .     (gloves unavailable)
SustAt .         Harm     .     (boots unavailable)
MR     .....                    (no amulet)
Stlth  ++++......               (no ring)
                                (no ring)

@: quick, not resistant to hostile enchantments, stealthy
A: no armour, no weapons or thrown items, claws 1, fangs 3, see invisible,
carnivore 3, speed 1, shaggy fur 2, slow metabolism 1, sharp paws
a: no special abilities


You were on level 3 of the Dungeon.
You were not hungry.

You visited 1 branch of the dungeon, and saw 5 of its levels.

You collected 365 gold pieces.

Inventory:

Scrolls
 c - a scroll of teleportation
 d - a scroll of amnesia
 e - 6 scrolls of identify
 f - 2 scrolls of blinking
 g - 6 scrolls of magic mapping {unknown}
 i - a scroll of recharging {unknown}
 k - 2 scrolls of remove curse
 p - a scroll of fear {unknown}
Potions
 h - 2 potions of might
 l - 2 potions of heal wounds {unknown}
 m - a potion of curing {unknown}
 n - a potion of lignification {unknown}
 o - a potion of haste {unknown}
 r - a potion of flight {unknown}
Books
 a - a book of Conjurations

   Spells                             Type                      Level
   a - Magic Dart                     Conjuration                  1
   b - Searing Ray                    Conjuration                  2
   c - Dazzling Spray                 Conjuration/Hexes            3
   d - Fulminant Prism                Conjuration/Hexes            4
   e - Iskenderun's Mystic Blast      Conjuration                  4
   f - Iskenderun's Battlesphere      Conjuration/Charms           5
 q - a book of Unlife

   Spells                             Type                      Level
   a - Recall                         Summoning/Translocation      3
   b - Animate Dead                   Necromancy                   4
   c - Control Undead                 Necromancy                   4
   d - Cigotuvi's Embrace             Necromancy                   5
   e - Death Channel                  Necromancy                   6
   f - Simulacrum                     Ice/Necromancy               6
Comestibles
 b - a meat ration
 j - a beef jerky


   Skills:
 - Level 1.9 Fighting
 - Level 4.6 Dodging
 - Level 5.1 Stealth
 - Level 3.3 Spellcasting
 + Level 6.1 Conjurations


You had 5 spell levels left.
You knew the following spells:

 Your Spells              Type           Power        Failure   Level  Hunger
a - Magic Dart            Conj           ####         1%          1    None
d - Iskenderun's Mystic   Conj           ####....     14%         4    ####...


Dungeon Overview and Level Annotations

Branches:
Dungeon (5/15)
 Temple: D:4-7

Altars:
Ashenzari
Cheibriados
Dithmenos
Gozag
Hepliaklqana
Kikubaaqudgha
Okawaru
Pakellas
Sif Muna
Uskayaw
Xom

Annotations:
D:3 Xiguana's ghost, amateur MiFi


Innate Abilities, Weirdness & Mutations

You cannot wear armour.
You are incapable of wielding weapons or throwing items.
You have sharp claws.
You have razor-sharp teeth.
You have supernaturally acute eyesight. (SInv)
You are carnivorous and can eat meat at any time.
You cover ground quickly.
You are covered in thick fur. (AC +2)
You have a slow metabolism.
Your sharp claws are effective at attacking unaware monsters.


Message History

Xiguana's ghost hits you!
Ouch! That really hurt!
Casting: Magic Dart
Confirm with . or Enter, or press ? or * to list all spells.
Aiming: Magic Dart
Press: ? - help, Shift-Dir - straight line, f/p - Xiguana's ghost
Aim: Xiguana's ghost (severely damaged)
The magic dart hits Xiguana's ghost.
Xiguana's ghost is severely damaged.
Xiguana's ghost completely misses you.
Casting: Magic Dart
Confirm with . or Enter, or press ? or * to list all spells.
You don't have enough magic to cast that spell.
Casting: Magic Dart
Confirm with . or Enter, or press ? or * to list all spells.
You don't have enough magic to cast that spell.
You scratch Xiguana's ghost but do no damage.
Xiguana's ghost is severely damaged.
Xiguana's ghost hits you!
You die...

# #.....#.#<###########.. #
##...#................. #
##.............W....).
####...#############. #######.##
#. ######...# #.# #%
#........###.# ## #.##.......#.#
## ######.##......W@.# #.
..)..#.##.......### ####
####<#.####.....# ####.#.
#..#.###...#.#### #....'.
#.###)...†......## #.##.#.
##)#..####W####..# #..####
######..)##.....##..#######.####.
.gg......#.......#.....(.......##
###......#.......#)####.###.#####


You could see Xiguana's ghost.

Vanquished Creatures
  A phantom (D:3)
  3 hounds (D:4)
  A crimson imp (D:5)
  2 orc wizards
  An iguana (D:4)
  A centaur skeleton (D:4)
  3 worker ants (D:4)
  A hound skeleton (D:4)
  A gnoll (D:3)
  7 adders
  2 oozes
  An adder zombie (D:5)
  An adder skeleton (D:5)
  4 worms
  5 dart slugs
  A giant gecko (D:3)
  13 orcs
  A ball python (D:4)
  9 bats
  5 giant cockroaches
  12 goblins
  11 hobgoblins
  2 jackals (D:3)
  3 quokkas
  6 giant newts
  4 kobolds
  A quokka skeleton (D:4)
  9 rats
111 creatures vanquished.

Vanquished Creatures (others)
  A jelly (D:4)
1 creature vanquished.

Grand Total: 112 creatures vanquished

Notes
Turn   | Place    | Note
--------------------------------------------------------------
     0 | D:1      | vev the Felid Conjurer began the quest for the Orb.
     0 | D:1      | Reached XP level 1. HP: 7/7 MP: 4/4
   226 | D:1      | Reached XP level 2. HP: 11/11 MP: 0/6
   865 | D:2      | Reached XP level 3. HP: 10/14 MP: 1/7
   921 | D:2      | Found a snail-covered altar of Cheibriados.
  1793 | D:2      | Reached skill level 4 in Conjurations
  1969 | D:3      | Reached XP level 4. HP: 18/18 MP: 5/9
  1976 | D:3      | Found a shattered altar of Ashenzari.
  2223 | D:4      | Found an oddly glowing altar of Pakellas.
  2223 | D:4      | Noticed an orange crystal statue
  2267 | D:4      | Found a hide-covered altar of Uskayaw.
  2787 | D:4      | Found a shimmering altar of Xom.
  2915 | D:4      | Reached XP level 5. HP: 21/21 MP: 3/10
  3061 | D:4      | Reached skill level 1 in Fighting
  3534 | D:4      | Learned a level 4 spell: Iskenderun's Mystic Blast
  3957 | D:4      | Reached skill level 5 in Stealth
  3957 | D:4      | Gained mutation: You are covered in thick fur. (AC +2) [Felid growth]
  3957 | D:4      | Reached XP level 6. HP: 25/25 MP: 2/11
  4586 | D:3      | Found an iron altar of Okawaru.
  4684 | D:3      | Found a deep blue altar of Sif Muna.
  4687 | D:3      | Found a shadowy altar of Dithmenos.
  4692 | D:3      | Found a hazy altar of Hepliaklqana.
  4802 | D:3      | Noticed Xiguana's ghost (amateur MiFi)
  5280 | D:3      | HP: 1/26 [hobgoblin (5)]
  5310 | D:3      | HP: 1/26 [bat (1)]
  5743 | D:2      | Reached skill level 5 in Conjurations
  5982 | D:3      | Found an opulent altar of Gozag.
  6043 | D:3      | Found a faded altar of an unknown god.
  6581 | D:5      | Entered Level 5 of the Dungeon
  7375 | D:3      | Found an ancient bone altar of Kikubaaqudgha.
  7376 | D:3      | Found a snail-covered altar of Cheibriados.
  7423 | D:3      | Reached XP level 7. HP: 29/29 MP: 10/13
  7632 | D:3      | Slain by a gnoll
  7633 | D:3      | Reached XP level 6. HP: 0/26 MP: 7/12
  7662 | D:3      | Reached skill level 6 in Conjurations
  8025 | D:3      | Slain by Xiguana's ghost
  8026 | D:3      | Reached XP level 5. HP: 0/22 MP: 4/11
  8068 | D:3      | Slain by Xiguana's ghost

Vault maps used:
D:1:      lightli_arrival_noodles
D:2:      kennysheep_slug_shrine
D:3:      lemuel_round_altar, nicolae_gozag_cash_rules_everything_around_me,
          gammafunk_temple_overflow_statue, old_standard_altar,
          grunt_temple_overflow_diamond, ecumenical_altar_1, st_stairs_4
D:4:      lemuel_round_altar, xom_teletrap_fun,
          gammafunk_pakellas_statue_experiment
D:5:      first_bread, uniq_menkaure

Skill      XL: |  1  2  3  4  5  6 |
---------------+-------------------+-----
Dodging        | 3 4 |  4.6
Stealth        | 3 4 5 |  5.1
Conjurations   | 4 6 |  6.1
Spellcasting   | 3 |  3.3
Fighting       | 1 |  1.9

Action                   |  1- 3 |  4- 6 |  7- 9 || total
-------------------------+-------+-------+-------++-------
Melee: Unarmed           |    18 |    26 |       ||    44
       Bite              |     3 |     1 |       ||     4
 Cast: Magic Dart        |    88 |   313 |    21 ||   422
       Iskenderun's Myst |       |     6 |       ||     6
  Use: Potion            |       |     2 |       ||     2
       Scroll            |       |     4 |       ||     4
  Eat: Chunk             |       |    21 |       ||    21
Armor: Skin              |     1 |     6 |       ||     7
Dodge: Dodged            |    23 |   141 |    13 ||   177
